 Dungeon Crawl Stone Soup version 0.22.0 (webtiles) character file.

795 KnightedAnt the Skirmisher (level 8, 0/62 HPs)
             Began as a Formicid Abyssal Knight on Oct 28, 2018.
             Was a Believer of Lugonu.
             Slain by Pikel
             ... wielding a +2 whip of freezing
              (4 damage)
             ... on level 6 of the Dungeon.
             The game lasted 00:13:27 (6645 turns).

KnightedAnt the Skirmisher (FoAK)                   Turns: 6645, Time: 00:13:28

Health: 0/62       AC: 10    Str: 19    XL:     8   Next: 13%
Magic:  11/11      EV: 11    Int: 12    God:    Lugonu [**....]
Gold:   289        SH:  0    Dex: 13    Spells: 7/7 levels left

rFire    . . .     SeeInvis +   a - +1 mace
rCold    . . .     Gourm    .   (no shield)
rNeg     + . .     Faith    .   e - +1 scale mail of the Known World {Dex+3 Stlth+}
rPois    .         Spirit   .   (helmet unavailable)
rElec    .         Reflect  .   (no cloak)
rCorr    .         Harm     .   (no gloves)
MR       .....                  g - +1 pair of boots
Stlth    +.........             (no amulet)
HPRegen  0.20/turn              (no ring)
MPRegen  0.12/turn              u - ring of positive energy

@: no status effects
A: permanent stasis, dig shafts and tunnels, four strong arms, antennae 3
a: Dig, Shaft Self, Depart the Abyss, Bend Space, Renounce Religion


You were on level 6 of the Dungeon.
You worshipped Lugonu.
Lugonu was pleased with you.
You were not hungry.

You visited 1 branch of the dungeon, and saw 6 of its levels.
You visited the Abyss 1 time.

You collected 289 gold pieces.

Inventory:

Hand Weapons
 a - a +1 mace (weapon)
Armour
 d - the +1 robe of Eternal Vigilance {rN+ MR+ Dex+6}
   (You found it on level 3 of the Abyss)

   It affects your dexterity (+6).
   It protects you from negative energy.
   It affects your resistance to hostile enchantments.
 e - the +1 scale mail of the Known World (worn) {Dex+3 Stlth+}
   (You found it on level 3 of the Abyss)

   It affects your dexterity (+3).
   It makes you more stealthy.
 g - a +1 pair of boots (worn)
Jewellery
 u - a ring of positive energy (right hand)
Wands
 h - a wand of flame (42)
 j - a wand of paralysis (2)
Scrolls
 b - a scroll of magic mapping {unknown}
 f - 6 scrolls of identify
 k - a scroll of teleportation
Potions
 i - 6 potions of curing
 o - a potion of degeneration {unknown}
 p - 2 potions of lignification {unknown}
 q - a potion of magic {unknown}
 w - a potion of mutation {unknown}
Comestibles
 c - 10 rations


   Skills:
 + Level 5.2 Fighting
 + Level 4.2 Maces & Flails
 + Level 4.6 Armour
 + Level 3.4 Dodging
 + Level 4.9 Invocations


You had 7 spell levels left.
You didn't know any spells.
Your spell library was empty.

Dungeon Overview and Level Annotations

Branches:
Dungeon (6/15)
 Temple: D:4-7

Altars:
Cheibriados
Gozag
Kikubaaqudgha
Okawaru
Uskayaw
Vehumet

Shops:
D:4 :(}[[

Annotations:
D:6 Pikel


Innate Abilities, Weirdness & Mutations

You cannot be hasted, slowed, berserked, paralysed or teleported.
You can dig through walls and to a lower floor.
Your four strong arms can wield two-handed weapons with a shield.
You have a pair of large antennae on your head. (SInv)


Message History

You hit Pikel but do no damage.
Pikel is almost dead.
Pikel hits you with a whip of freezing.
* * * LOW HITPOINT WARNING * * *
Pikel freezes you.
* * * LOW HITPOINT WARNING * * *
Pikel barely misses you.
You hit Pikel.
Pikel is almost dead.
Pikel hits you but does no damage.
You barely miss Pikel.
Pikel is almost dead.
Pikel hits you with a whip of freezing.
* * * LOW HITPOINT WARNING * * *
Pikel freezes you.
* * * LOW HITPOINT WARNING * * *
You closely miss Pikel.
Pikel is almost dead.
Pikel hits you with a whip of freezing.
You die...

........##.##.#
.#
#######.##.##..
.# #.##.##.##.#
#.##.....
#{##..## ###
#{# ..# ....
###.###.###..#
##K#...{{.?...#
#@#{#####{.####
##### #..# #..#
#..# #..# #p..
#{#. #.#.#


You could see Pikel.

Vanquished Creatures
  Eustachio (D:6)
  A centaur (D:6)
  A bullfrog (D:5)
  2 scorpions
  A crimson imp (D:5)
  An orc priest (D:4)
  A hound (D:5)
  An orc wizard (D:4)
  4 worker ants
  A howler monkey skeleton (D:5)
  9 adders
  A shadow imp (D:5)
  An adder zombie (D:5)
  An adder skeleton (D:6)
  3 worms
  4 dart slugs
  6 leopard geckos
  7 orcs
  7 bats
  4 giant cockroaches
  6 goblins
  3 hobgoblins (D:2)
  2 jackals (D:5)
  A ball python (D:3)
  3 frilled lizards
  5 kobolds
  A quokka zombie (D:5)
  12 rats
90 creatures vanquished.

Notes
Turn   | Place    | Note
-------+----------+-------------------------------------------
     0 | Abyss:1  | KnightedAnt the Formicid Abyssal Knight began the quest for the Orb.
     0 | Abyss:1  | Reached XP level 1. HP: 18/18 MP: 2/2
    55 | Abyss:1  | Noticed a neqoxec
   116 | Abyss:2  | Noticed a small abomination
   135 | Abyss:2  | Noticed a raiju
   138 | Abyss:2  | Noticed a raiju
   188 | Abyss:3  | Noticed a red very ugly thing
   188 | Abyss:3  | Noticed a red ugly thing
   214 | Abyss:3  | Got a fabulously ornate robe
   217 | Abyss:3  | Noticed a small abomination
   220 | Abyss:3  | Got a bronze scale mail
   224 | Abyss:3  | Noticed a neqoxec
   225 | D:1      | Escaped the Abyss
   238 | D:1      | Identified the +1 scale mail of the Known World {Dex+3 Stlth+} (You found it on level 3 of the Abyss)
   248 | D:1      | Identified the +1 robe of Eternal Vigilance {rN+ MR+ Dex+6} (You found it on level 3 of the Abyss)
   521 | D:1      | Reached skill level 1 in Dodging
   641 | D:1      | Reached XP level 2. HP: 24/24 MP: 3/3
   743 | D:1      | Reached * piety under Lugonu
  1096 | D:1      | Reached XP level 3. HP: 29/29 MP: 4/4
  1319 | D:2      | Reached XP level 4. HP: 29/37 MP: 6/6
  1477 | D:2      | Found an iron altar of Okawaru.
  1482 | D:2      | Noticed an ice beast
  1855 | D:2      | Found a radiant altar of Vehumet.
  2252 | D:3      | Found an ancient bone altar of Kikubaaqudgha.
  2444 | D:3      | Reached XP level 5. HP: 40/42 MP: 7/7
  2757 | D:3      | Found a snail-covered altar of Cheibriados.
  2846 | D:3      | Found an opulent altar of Gozag.
  3156 | D:4      | Reached skill level 4 in Fighting
  3157 | D:4      | Found a hide-covered altar of Uskayaw.
  3397 | D:4      | Found Nimuipla's Armour Boutique.
  3466 | D:4      | Found Koweiw's Antique Armour Shop.
  3539 | D:4      | Found Jazakhos's Book Emporium.
  3590 | D:4      | Reached XP level 6. HP: 24/48 MP: 8/8
  3620 | D:4      | Reached ** piety under Lugonu
  4084 | D:4      | Found Reucay's Weapon Shoppe.
  4242 | D:4      | Found Ufem's Gadget Shop.
  4417 | D:5      | Entered Level 5 of the Dungeon
  4602 | D:5      | Noticed an ogre
  5200 | D:5      | Reached XP level 7. HP: 35/55 MP: 10/10
  5984 | D:6      | Noticed Eustachio
  5989 | D:6      | Reached skill level 5 in Fighting
  6469 | D:6      | Killed Eustachio
  6469 | D:6      | Reached XP level 8. HP: 45/62 MP: 11/11
  6583 | D:6      | Noticed Pikel
  6645 | D:6      | Slain by Pikel

Skill      XL: |  1  2  3  4  5  6  7 |
---------------+----------------------+-----
Dodging        | 1 2 3 |  3.4
Invocations    | 3 4 |  4.9
Armour         | 3 4 |  4.6
Fighting       | 4 5 |  5.2
Maces & Flails | 3 4 |  4.2

Action                   |  1- 3 |  4- 6 |  7- 9 || total
-------------------------+-------+-------+-------++-------
Melee: Mace              |    85 |   230 |   223 ||   538
Invok: Depart the Abyss  |     1 |       |       ||     1
 Abil: Dig               |       |       |     2 ||     2
  Use: Scroll            |       |       |     8 ||     8
  Eat: Chunk             |     1 |    13 |     3 ||    17
       Ration            |       |       |     1 ||     1
Armor: Scale mail        |    52 |   106 |   188 ||   346
       Leather armour    |     1 |       |       ||     1
Dodge: Dodged            |    77 |   143 |   206 ||   426
